 Dungeon Crawl Stone Soup version 0.22-a0-109-gbeb7240 (webtiles) character file.

423483 theanonym the Warrior (level 22, -6/192 HPs)
             Began as a Mummy Fighter on Jan 26, 2018.
             Was an Initiate of Gozag.
             Mangled by a phantasmal warrior (21 damage)
             ... summoned by a curse skull
             ... on level 3 of the Crypt.
             The game lasted 02:20:01 (57138 turns).

theanonym the Warrior (Mummy Fighter)              Turns: 57138, Time: 02:20:02

Health: -6/192     AC: 32    Str: 37    XL:     22   Next: 70%
Magic:  0/37       EV:  9    Int: 15    God:    Gozag
Gold:   5071       SH: 14    Dex: 16    Spells: 11/43 levels left

rFire    + . .     SeeInvis .   a - +9 broad axe (freeze)
rCold    + + .     Gourm    .   O - +6 buckler of Dithmenos's Envy {rF+ rCorr}
rNeg     + + +     Faith    .   n - +6 plate armour {rF+} {18}
rPois    ∞         Spirit   +   l - +1 helmet
rElec    .         Reflect  .   j - +1 cloak {MR+} {MR+}
rCorr    +         Harm     .   J - +2 pair of gloves {Str+3}
MR       +++..                  c - +2 pair of boots {Stlth+}
Stlth    ..........             w - amulet of guardian spirit {Spirit}
HPRegen  0.42/turn              m - ring "Omanieg" {rN+ AC+4 Str+4}
MPRegen  0.25/turn              I - ring "Sobo" {*Corrode rC+ Str+5 Int+4 Dex+4}

@: corroded, gold aura, studying 2 skills
A: no food or potions, fire vulnerability, cold resistance 1, negative energy
resistance 3, torment resistance, unbreathing, in touch with death 1
}: 2/15 runes: decaying, serpentine
a: Potion Petition, Call Merchant, Bribe Branch, Renounce Religion


Innate Abilities, Weirdness & Mutations

You do not eat or drink.
Your flesh is vulnerable to fire.
You are immune to poison.
Your flesh is cold resistant. (rC+)
You are immune to negative energy. (rN+++)
You are immune to unholy pain and torment.
You can survive without breathing.
You are in touch with the powers of death.


   Skills:
 + Level 20.4 Fighting
 - Level 18.0 Axes
 - Level 16.4 Armour
 - Level 15.0 Shields
 + Level 11.0 Spellcasting
 + Level 7.0 Translocations


You had 11 spell levels left.
You knew the following spells:

 Your Spells              Type           Power        Failure   Level  Hunger
a - Invisibility          Hex            #.......     100%        6    N/A
b - Silence               Hex/Air        #.........   100%        5    N/A
c - Darkness              Hex            #.........   100%        6    N/A
d - Passage of Golubria   Tloc           N/A          19%         4    N/A
e - Lesser Beckoning      Tloc           ####......   5%          3    N/A
f - Dispel Undead         Necr           ##......     100%        5    N/A
l - Blink                 Tloc           N/A          2%          2    N/A
q - Apportation           Tloc           ####..       1%          1    N/A

Skill      XL: |  1  2  3  4  5  6  7  8  9 10 11 12 13 14 15 16 17 18 19 20 21 22 |
---------------+-------------------------------------------------------------------+-----
Axes           | 2 3 4 5 6 8 10 11 13 14 16 17 18 | 18.0
Fighting       | 4 5 6 7 8 10 11 12 14 15 16 17 19 20 | 20.4
Shields        | 3 6 10 12 13 14 15 | 15.0
Armour         | 3 6 9 12 13 14 15 16 | 16.4
Spellcasting   | 7 11 | 11.0
Translocations | 4 7 |  7.0

Action                   |  1- 3 |  4- 6 |  7- 9 | 10-12 | 13-15 | 16-18 | 19-21 | 22-24 || total
-------------------------+-------+-------+-------+-------+-------+-------+-------+-------++-------
Melee: War axe           |   117 |   149 |   400 |   350 |       |       |       |       ||  1016
       Broad axe         |       |       |       |   475 |  1536 |  1515 |  1552 |   539 ||  5617
       Falchion          |       |       |       |     3 |       |       |       |       ||     3
       Scimitar          |       |       |       |       |     7 |    46 |       |       ||    53
Invok: Potion Petition   |       |       |     2 |     2 |     2 |     4 |     5 |       ||    15
       Call Merchant     |       |       |       |       |     1 |     2 |     1 |     1 ||     5
Evoke: Wand              |       |     2 |     2 |    19 |    25 |    29 |    11 |     7 ||    95
       Phial of floods   |       |       |       |       |       |     1 |     1 |       ||     2
  Use: Scroll            |       |     7 |     7 |    10 |     7 |    20 |    15 |    10 ||    76
 Stab: Distracted        |       |       |     1 |     3 |    13 |     6 |    15 |     1 ||    39
       Paralysed         |       |       |       |     2 |     5 |       |       |       ||     7
       Fleeing           |       |       |       |     1 |       |       |     2 |       ||     3
       Invisible         |       |       |       |       |     7 |       |       |       ||     7
       Confused          |       |       |       |       |       |     4 |     3 |       ||     7
Armor: Scale mail        |    63 |    47 |       |       |       |       |       |       ||   110
       Chain mail        |       |    10 |   179 |    87 |       |       |       |       ||   276
       Plate armour      |       |       |       |   342 |   706 |   863 |   500 |   325 ||  2736
Dodge: Dodged            |    31 |    37 |    67 |   113 |   328 |   555 |   369 |   120 ||  1620
Block: Shield            |    66 |    77 |   204 |   352 |   692 |  1042 |   883 |    30 ||  3346
       Buckler           |       |       |       |       |       |       |       |   270 ||   270
       Rpst.: Scimitar   |       |       |       |       |       |     5 |       |       ||     5

Inventory:

Hand Weapons
 a - a +9 broad axe of freezing (weapon)
   (You took it off Urug on level 10 of the Dungeon)
 b - a +7 vampiric broad axe
   (You took it off Vashnia on level 4 of the Snake Pit)
Armour
 c - a +2 pair of boots of stealth (worn)
   (You found it on level 3 of the Elven Halls)
 j - a +1 cloak of magic resistance (worn) {MR+}
   (You found it in a wizard's laboratory)
 k - the +7 plate armour "Vime" {MR+, 18}
   (You bought it in a shop on level 4 of the Swamp)

   It affects your resistance to hostile enchantments.
 l - a +1 helmet (worn)
   (You found it on level 4 of the Dungeon)
 n - a +6 plate armour of fire resistance (worn) {18}
   (You took it off an orc warlord on level 1 of the Orcish Mines)
 J - a +2 pair of gloves of strength (worn)
   (You bought it in a shop on level 2 of the Vaults)
 O - the +6 buckler of Dithmenos's Envy (worn) {rF+ rCorr}
   (You acquired it on level 3 of the Elven Halls)

   It protects you from fire.
   It protects you from acid and corrosion.
Jewellery
 e - an uncursed ring of flight {+Fly}
   (You found it in a wizard's laboratory)
 m - the ring "Omanieg" (left hand) {rN+ AC+4 Str+4}
   (You took it off a deep elf sorcerer on level 3 of the Elven Halls)

   [ring of protection]

   It affects your AC (+4).
   It affects your strength (+4).
   It protects you from negative energy.
 p - an uncursed ring of resist corrosion {rCorr}
   (You took it off a naga warrior on level 3 of the Snake Pit)
 w - an amulet of guardian spirit (around neck) {Spirit}
   (You found it on level 8 of the Dungeon)
 A - an uncursed ring of protection from fire {rF+}
   (You took it off a centaur on level 13 of the Dungeon)
 C - an uncursed amulet of regeneration {Regen+}
   (You found it on level 1 of the Swamp)
 I - the ring "Sobo" (right hand) {*Corrode rC+ Str+5 Int+4 Dex+4}
   (You bought it in a shop on level 2 of the Orcish Mines)

   [ring of dexterity]

   It affects your strength (+5).
   It affects your intelligence (+4).
   It affects your dexterity (+4).
   It protects you from cold.
   It may corrode you when you take damage.
 S - the ring "Quabal" {Fire MR+}
   (You took it off a deep elf mage on level 3 of the Elven Halls)

   [ring of fire]

   It enhances your fire magic.
   It protects you from fire.
   It makes you vulnerable to cold.
   It affects your resistance to hostile enchantments.
Wands
 d - a wand of digging (68)
   (You found it on level 1 of the Vaults)
 v - a wand of acid (19)
   (You found it on level 3 of the Lair of Beasts)
Scrolls
 f - a scroll of fog
 g - 5 scrolls of fear
 i - a scroll of enchant armour
 q - 8 scrolls of remove curse
 r - 7 scrolls of identify
 s - 9 scrolls of amnesia
 t - 20 scrolls of teleportation {!r}
 u - 8 scrolls of immolation
 x - 2 scrolls of enchant weapon
 y - a scroll of magic mapping
 E - a scroll of summoning
 G - 3 scrolls of blinking
Books
 L - a manual of Shields
   (You found it on level 3 of the Elven Halls)
 N - a manual of Axes
   (You found it on level 3 of the Elven Halls)
Miscellaneous
 h - a phial of floods
   (You found it on level 3 of the Swamp)
 o - a fan of gales
   (You found it on level 2 of the Vaults)
 K - a phantom mirror
 Q - a lamp of fire
   (You found it on level 3 of the Elven Halls)


You were on level 3 of the Crypt.
You worshipped Gozag.
Gozag was greatly pleased with you.
You were not hungry.

You visited 9 branches of the dungeon, and saw 42 of its levels.
You visited 1 bazaar.
You also visited: Sewer and Wizlab.

You collected 22670 gold pieces.
You spent 5889 gold pieces at shops.
You paid 11710 gold pieces to Gozag.

Dungeon Overview and Level Annotations

Branches:
Dungeon (15/15)            Temple (1/1) D:4            Lair (6/6) D:11
  Swamp (4/4) Lair:2        Snake (4/4) Lair:3        Slime (0/5) Lair:6
    Orc (2/2) D:10            Elf (3/3) Orc:2        Vaults (4/5) D:13
  Crypt (3/3) Vaults:2     Depths (0/5) D:15
   Tomb: Crypt:3

Altars:
Ashenzari
Cheibriados
Dithmenos
Elyvilon
Fedhas
Gozag
Hepliaklqana
Kikubaaqudgha
Makhleb
Nemelex Xobeh
Okawaru
Qazlal
Ru
Sif Muna
Trog
Uskayaw
Vehumet
Wu Jian
Xom
Yredelemnul
Zin
The Shining One
Jiyva

Shops:
D:6 %   D:9 }   D:10 !   D:15 *   Orc:2 %:!*=   Elf:1 :   Elf:3 *   Swamp:3 [
Swamp:4 *   Vaults:1 **%   Vaults:2 [   Crypt:2 *

Annotations:
D:11 exclusion: door

### ... ....
.....
.....##########
......ZZ......#
.....[zVW.(.).#
.....Zz@W))...#
......§W$<....#
..[....Z......#
..########....#
. #....# $
#....# #....#
#....# #....#


You could see a skeletal warrior, a jiangshi, a curse skull, a phantasmal
warrior, a freezing wraith, a wraith, a storm dragon simulacrum, a fire dragon
zombie, a quicksilver dragon skeleton and an iron dragon skeleton.

Notes
Turn   | Place    | Note
-------+----------+-------------------------------------------
     0 | D:1      | theanonym the Mummy Fighter began the quest for the Orb.
     0 | D:1      | Reached XP level 1. HP: 18/18 MP: 1/1
   221 | D:1      | Reached skill level 2 in Axes
   246 | D:1      | Reached XP level 2. HP: 24/24 MP: 2/2
   454 | D:1      | theanonym: !stats mufi
   665 | D:1      | Reached XP level 3. HP: 19/29 MP: 3/3
   747 | D:1      | beem: Starting stats for MuFi: Str 19 Int 7 Dex 11. Stat gain: sid/5
  1293 | D:2      | Reached skill level 3 in Axes
  1293 | D:2      | Reached XP level 4. HP: 30/37 MP: 4/4
  1682 | D:3      | Reached skill level 4 in Fighting
  1691 | D:3      | Reached XP level 5. HP: 42/42 MP: 5/5
  1830 | D:3      | Reached skill level 4 in Axes
  1837 | D:3      | Found a glowing drain.
  1852 | D:3      | HP: 20/42 [river rat (8)]
  1858 | D:3      | HP: 17/42 [worm (2)]
  2030 | Sewer    | Entered a sewer
  2725 | D:4      | Noticed Duvessa
  2727 | D:4      | Noticed Dowan
  2845 | D:4      | Killed Dowan
  2845 | D:4      | Reached XP level 6. HP: 49/49 MP: 6/6
  3038 | D:4      | Killed Duvessa
  3249 | D:4      | Reached skill level 5 in Fighting
  3249 | D:4      | Reached skill level 5 in Axes
  3455 | D:4      | Found a staircase to the Ecumenical Temple.
  3464 | Temple   | Entered the Ecumenical Temple
  3640 | Temple   | Became a worshipper of Gozag Ym Sagoz the Greedy
  3738 | D:5      | Entered Level 5 of the Dungeon
  3743 | D:5      | Reached XP level 7. HP: 47/56 MP: 7/7
  4044 | D:5      | HP: 22/56 [orc priest/divine providence (10)]
  4064 | D:5      | HP: 23/56 [iguana (3)]
  4276 | D:5      | Noticed a two-headed ogre
  4347 | D:6      | Reached skill level 6 in Axes
  4461 | D:6      | Reached skill level 6 in Fighting
  4542 | D:6      | Reached XP level 8. HP: 59/64 MP: 8/8
  4662 | D:5      | Reached skill level 7 in Axes
  5255 | D:6      | Found Oqosac's Food Emporium.
  5454 | D:6      | Reached skill level 7 in Fighting
  5482 | D:6      | Reached skill level 8 in Axes
  5651 | D:7      | Noticed Pikel
  5661 | D:7      | HP: 32/67 [ogre/giant club (24)]
  5662 | D:7      | Reached XP level 9. HP: 34/72 MP: 9/9
  5672 | D:7      | HP: 36/72 [Pikel/whip of electrocution (9)]
  5682 | D:7      | HP: 25/72 [Pikel/whip of electrocution (13)]
  5685 | D:7      | Killed Pikel
  5793 | D:7      | HP: 37/74 [killer bee (7)]
  5798 | D:7      | HP: 27/74 [killer bee (4)]
  5814 | D:7      | HP: 37/74 [killer bee (2)]
  5821 | D:7      | HP: 27/74 [killer bee (1)]
  6213 | D:7      | Reached skill level 8 in Fighting
  6213 | D:7      | Reached skill level 9 in Axes
  6780 | D:8      | Noticed a two-headed ogre
  6788 | D:8      | HP: 37/74 [two-headed ogre/giant spiked club (8)]
  6789 | D:8      | Killed a two-headed ogre
  7130 | D:8      | Reached skill level 10 in Axes
  7241 | D:8      | Reached XP level 10. HP: 82/82 MP: 10/10
  7274 | D:8      | Reached skill level 9 in Fighting
  7798 | D:9      | Found a snail-covered altar of Cheibriados.
  7803 | D:9      | Found a bloodstained altar of Trog.
  7803 | D:9      | Found an iron altar of Okawaru.
  7805 | D:9      | Found a glowing golden altar of the Shining One.
  7805 | D:9      | Found an ancient bone altar of Kikubaaqudgha.
  7805 | D:9      | Found a hide-covered altar of Uskayaw.
  7805 | D:9      | Found a shimmering altar of Xom.
  7805 | D:9      | Found a sparkling altar of Nemelex Xobeh.
  7806 | D:9      | Found a white marble altar of Elyvilon.
  7824 | D:9      | Found Diodayny's Gadget Shoppe.
  7863 | D:9      | HP: 41/83 [killer bee (4)]
  7868 | D:9      | HP: 31/83 [bullfrog (1)]
  8702 | D:9      | Reached skill level 11 in Axes
  8723 | D:9      | Found a glowing silver altar of Zin.
  8831 | D:10     | Entered Level 10 of the Dungeon
  9070 | D:10     | Found Vapif's Distillery.
  9114 | D:10     | Reached skill level 10 in Fighting
  9166 | D:10     | HP: 41/85 [killer bee (2)]
  9172 | D:10     | HP: 35/85 [yak (8)]
  9432 | D:10     | Found a staircase to the Orcish Mines.
  9493 | D:10     | Reached XP level 11. HP: 60/91 MP: 10/11
  9637 | D:10     | Noticed Urug
  9656 | D:10     | HP: 43/92 [Urug/broad axe of venom (7)]
  9661 | D:10     | HP: 30/92 [Urug/broad axe of venom (3)]
  9671 | D:10     | Killed Urug
  9827 | D:10     | Noticed a two-headed ogre
  9927 | D:10     | Killed a two-headed ogre
  9927 | D:10     | Reached skill level 12 in Axes
  9957 | D:10     | Noticed Joseph
 10047 | D:10     | Killed Joseph
 10239 | D:10     | Noticed a two-headed hydra
 10259 | D:10     | Killed a one-headed hydra
 10341 | D:11     | Found a staircase to the Lair.
 10350 | D:11     | HP: 46/92 [basilisk (2)]
 10732 | D:11     | Reached skill level 11 in Fighting
 11235 | D:11     | Noticed an eight-headed hydra
 11352 | D:11     | Noticed a centaur warrior
 11359 | D:11     | Killed a centaur warrior
 11445 | D:11     | Killed an eight-headed hydra
 11445 | D:11     | Reached skill level 13 in Axes
 11625 | D:11     | Noticed Fannar
 11681 | D:11     | Killed Fannar
 11890 | D:11     | Noticed a cyan ugly thing
 11898 | D:11     | Killed a white ugly thing
 11898 | D:11     | Reached XP level 12. HP: 72/101 MP: 12/12
 12125 | Orc:1    | Entered Level 1 of the Orcish Mines
 12131 | Orc:1    | Noticed an orc warlord
 12153 | D:10     | HP: 31/101 [orc warlord/war axe of freezing (20)]
 12156 | D:10     | HP: 9/101 [orc warlord/war axe of freezing (21)]
 12156 | D:10     | HP: 4/101 [orc warlord/war axe of freezing (5)]
 12164 | D:10     | Killed an orc warlord
 12673 | Lair:1   | Entered Level 1 of the Lair of Beasts
 12782 | Lair:1   | Reached skill level 12 in Fighting
 12851 | Lair:1   | Learned a level 1 spell: Apportation
 13214 | Lair:1   | HP: 49/102 [blink frog (8)]
 13222 | Lair:1   | Reached skill level 14 in Axes
 13235 | Lair:1   | HP: 50/102 [blink frog (5)]
 13928 | Lair:2   | Found a staircase to the Swamp.
 14584 | Lair:2   | HP: 48/103 [tyrant leech (7)]
 14587 | Lair:2   | HP: 22/103 [tyrant leech (10)]
 15119 | Lair:2   | Found a staircase to the Swamp.
 15649 | Lair:3   | Gained mutation: You are in touch with the powers of death. [Mummy growth]
 15649 | Lair:3   | Reached XP level 13. HP: 72/109 MP: 13/13
 15777 | Lair:3   | Reached skill level 13 in Fighting
 16103 | Lair:3   | Found a staircase to the Snake Pit.
 16494 | Lair:3   | HP: 45/111 [acid (15)]
 16756 | Lair:4   | Reached skill level 15 in Axes
 19015 | Lair:5   | Reached skill level 14 in Fighting
 19070 | Lair:5   | Reached skill level 16 in Axes
 19163 | Lair:6   | Entered Level 6 of the Lair of Beasts
 19291 | Lair:6   | HP: 56/113 [spiny frog (4)]
 19292 | Lair:6   | Reached XP level 14. HP: 60/120 MP: 14/14
 19870 | Lair:6   | HP: 57/121 [crocodile (6)]
 20271 | Lair:6   | HP: 60/121 [vampire mosquito (2)]
 21238 | Lair:6   | Identified the cursed +0 war axe of Callousness {freeze, Str+4} (You found it on level 6 of the Lair of Beasts)
 21620 | Lair:6   | Reached skill level 17 in Axes
 21707 | Lair:6   | Found a viscous altar of Jiyva.
 21707 | Lair:6   | Found a staircase to the Slime Pits.
 21850 | Lair:3   | HP: 53/121 [acid (11)]
 22506 | D:12     | Reached skill level 15 in Fighting
 22536 | D:12     | Found a shadowy altar of Dithmenos.
 22631 | D:12     | Noticed Azrael
 22654 | D:12     | Killed Azrael
 23268 | D:13     | Reached skill level 3 in Shields
 23274 | D:13     | Reached skill level 3 in Armour
 23667 | D:13     | Found a gate to the Vaults.
 23776 | D:13     | Reached XP level 15. HP: 112/129 MP: 15/15
 24181 | D:13     | Found a glowing golden altar of the Shining One.
 24185 | D:13     | Noticed Nessos
 24202 | D:13     | Killed Nessos
 24338 | D:13     | Learned a level 3 spell: Lesser Beckoning
 24345 | D:13     | Learned a level 6 spell: Invisibility
 24822 | D:14     | Reached skill level 4 in Armour
 24822 | D:14     | Reached skill level 4 in Shields
 24856 | D:14     | HP: 59/129 [acid (9)]
 24860 | D:14     | HP: 19/129 [something/bolt of lightning (21)]
 24860 | D:14     | HP: 6/129 [something/bolt of lightning (13)]
 24866 | D:14     | HP: 17/129 [something/bolt of lightning (8)]
 25292 | D:14     | Found a bloodstained altar of Trog.
 26102 | D:15     | Entered Level 15 of the Dungeon
 26150 | D:15     | HP: 58/129 [skeletal warrior/halberd (13)]
 26429 | D:15     | HP: 63/129 [skeletal warrior/halberd (17)]
 26444 | D:15     | Found a staircase to the Depths.
 26466 | D:15     | HP: 58/129 [centaur/arrow[a centaur warrior] (1)]
 26473 | D:15     | HP: 32/129 [juggernaut skeleton (28)]
 26477 | D:15     | HP: 15/129 [centaur/arrow[a centaur warrior] (3)]
 27589 | Orc:2    | Entered Level 2 of the Orcish Mines
 27593 | Orc:2    | Noticed an orc warlord
 27752 | Orc:1    | HP: 62/129 [orc warlord/dire flail of holy wrath (24)]
 27757 | Orc:1    | Killed an orc warlord
 27757 | Orc:1    | Reached skill level 5 in Armour
 27757 | Orc:1    | Reached skill level 5 in Shields
 28298 | Orc:1    | Noticed Snorg
 28422 | Orc:2    | Found a staircase to the Elven Halls.
 28657 | Orc:2    | Reached skill level 18 in Axes
 28903 | Orc:2    | Reached skill level 6 in Shields
 28920 | Orc:2    | Reached skill level 6 in Armour
 29165 | Orc:2    | Found Ofautedi's Assorted Antiques.
 29209 | Orc:2    | Found Suvvaa's Book Shoppe.
 29209 | Orc:2    | Found Tiraoma's Distillery.
 29213 | Orc:2    | Bought a scroll of blinking for 232 gold pieces
 29213 | Orc:2    | Bought a crooked iron wand for 124 gold pieces
 29220 | Orc:2    | Found Avooph's Food Boutique.
 29224 | Orc:2    | Bought a book of Minor Magic for 320 gold pieces
 29227 | Orc:2    | Learned a level 2 spell: Blink
 29428 | Orc:2    | Killed Snorg
 29706 | Orc:2    | Bought the ring "Sobo" {*Corrode rC+ Str+5 Int+4 Dex+4} for 814 gold pieces
 29816 | Swamp:1  | Entered Level 1 of the Swamp
 29965 | Swamp:1  | Reached XP level 16. HP: 136/136 MP: 16/16
 30058 | Swamp:1  | Reached skill level 7 in Armour
 30058 | Swamp:1  | Reached skill level 7 in Shields
 30571 | Swamp:1  | Found a hazy altar of Hepliaklqana.
 31260 | Swamp:2  | Reached skill level 8 in Shields
 31440 | Swamp:2  | Reached skill level 8 in Armour
 31887 | Swamp:3  | Bought a bloodstained hat for 369 gold pieces
 31887 | Swamp:3  | Bought a pair of glowing gloves for 307 gold pieces
 31887 | Swamp:3  | Identified the cursed -7 hat "Sume" {rN+} (You bought it in a shop on level 3 of the Swamp)
 32346 | Swamp:4  | Entered Level 4 of the Swamp
 32480 | Swamp:4  | HP: 60/136 [five-headed hydra (10)]
 32863 | Swamp:3  | Found Iraethreke's Antique Armour Shop.
 33455 | Swamp:4  | Reached skill level 9 in Shields
 33457 | Swamp:4  | Reached skill level 9 in Armour
 33523 | Swamp:4  | Noticed Louise
 33681 | Snake:1  | Entered Level 1 of the Snake Pit
 35361 | Snake:2  | Reached skill level 10 in Shields
 35361 | Snake:2  | Reached XP level 17. HP: 130/142 MP: 17/17
 35365 | Snake:2  | Reached skill level 10 in Armour
 36036 | Snake:2  | You fall through a shaft!
 36158 | Snake:3  | Identified a scroll of acquirement
 36820 | Snake:3  | Reached skill level 11 in Armour
 36820 | Snake:3  | Reached skill level 11 in Shields
 37023 | Snake:4  | Entered Level 4 of the Snake Pit
 37033 | Snake:4  | Noticed Mara
 38245 | D:15     | Found Vibovo's Assorted Antiques.
 38260 | D:15     | Bought a scroll of enchant weapon for 232 gold pieces
 38260 | D:15     | Bought a scroll of fear for 108 gold pieces
 38260 | D:15     | Bought a sharpened bone wand for 124 gold pieces
 39010 | Swamp:4  | Killed Louise
 39089 | Swamp:4  | Noticed the 27-headed Lernaean hydra
 39096 | Swamp:4  | HP: 70/142 [the 26-headed Lernaean hydra (11)]
 39099 | Swamp:4  | HP: 30/142 [the 26-headed Lernaean hydra (5)]
 39408 | Swamp:4  | HP: 69/142 [the 26-headed Lernaean hydra (8)]
 39409 | Swamp:4  | HP: 34/142 [the 26-headed Lernaean hydra (2)]
 39572 | Swamp:4  | Bought a shimmering plate armour for 1064 gold pieces
 39572 | Swamp:4  | Bought a scroll of teleportation for 114 gold pieces
 39572 | Swamp:4  | Bought a scroll labeled YQAMU FACEPRATS for 38 gold pieces
 39572 | Swamp:4  | Identified the +7 plate armour "Vime" {MR+, 18} (You bought it in a shop on level 4 of the Swamp)
 39640 | Swamp:4  | HP: 69/142 [the 27-headed Lernaean hydra (7)]
 39642 | Swamp:4  | Killed the 27-headed Lernaean hydra
 39642 | Swamp:4  | Reached skill level 12 in Armour
 39642 | Swamp:4  | Reached skill level 12 in Shields
 39642 | Swamp:4  | Reached XP level 18. HP: 65/149 MP: 18/18
 39647 | Swamp:4  | HP: 61/149 [seven-headed hydra (7)]
 39890 | Swamp:4  | Got a decaying rune of Zot
 40273 | Vaults:1 | Entered Level 1 of the Vaults
 40461 | Vaults:1 | Noticed Nikola
 40476 | Vaults:1 | HP: 52/150 [Nikola/chain lightning (39)]
 40483 | Vaults:1 | Killed Nikola
 40660 | Vaults:1 | Found Xicograu's General Store.
 40667 | Vaults:1 | Bought a scroll of teleportation for 48 gold pieces
 40828 | Vaults:1 | HP: 75/151 [brown ugly thing (5)]
 41207 | Vaults:1 | Reached skill level 16 in Fighting
 41447 | Vaults:1 | Found Mecook's Food Shop.
 41684 | Vaults:1 | Found Cotaubo's Assorted Antiques.
 41739 | Vaults:1 | Reached skill level 13 in Armour
 41739 | Vaults:1 | Reached skill level 13 in Shields
 41858 | Vaults:1 | Bought a scroll of enchant weapon for 217 gold pieces
 41865 | Vaults:1 | Found a gateway to a bazaar.
 41875 | Bazaar   | Entered a bazaar
 41879 | Bazaar   | Found Massakhu's Book Boutique.
 41898 | Bazaar   | Found Feaxeigh's Antique Armour Emporium.
 41915 | Bazaar   | Found Kuaganguek's Weapon Boutique.
 41933 | Bazaar   | Found Tuev's Gadget Shoppe.
 41938 | Bazaar   | Bought a wand of digging (14) for 468 gold pieces
 42275 | Vaults:2 | Noticed Margery
 42317 | Vaults:2 | Killed Margery
 42461 | Vaults:2 | Reached XP level 19. HP: 124/159 MP: 19/19
 42540 | Vaults:2 | Found Wugutza's Armour Shop.
 42543 | Vaults:2 | Bought a +2 pair of gloves of strength for 430 gold pieces
 42581 | Vaults:2 | Noticed Saint Roka
 42605 | Vaults:2 | Killed Saint Roka
 43111 | Vaults:2 | Reached skill level 17 in Fighting
 43303 | Vaults:2 | Noticed Xtahua
 43320 | Vaults:2 | Killed Xtahua
 43972 | Vaults:2 | Found a staircase to the Crypt.
 43972 | Vaults:2 | Found an ancient bone altar of Kikubaaqudgha.
 43973 | Vaults:2 | Found a basalt altar of Yredelemnul.
 44779 | Vaults:3 | Reached skill level 14 in Shields
 44782 | Vaults:3 | Reached skill level 14 in Armour
 45154 | Vaults:3 | HP: 70/161 [yaktaur captain (17)]
 45160 | Vaults:3 | HP: 54/161 [yaktaur captain/bolt (7)]
 45812 | Vaults:4 | Noticed a Tzitzimitl
 45814 | Vaults:4 | Reached XP level 20. HP: 128/170 MP: 20/20
 45816 | Vaults:4 | HP: 70/170 [ettin/dire flail (36)]
 45821 | Vaults:4 | HP: 63/170 [burnt (2)]
 45826 | Vaults:4 | HP: 35/170 [frost giant/bolt of cold (14)]
 46215 | Vaults:4 | HP: 81/170 [ettin/dire flail (39)]
 46394 | Vaults:4 | Reached skill level 18 in Fighting
 47419 | Snake:4  | Noticed theanonym's illusion
 47430 | Snake:4  | HP: 75/171 [Mara/demon trident of electrocution (18)]
 47435 | Snake:4  | HP: 38/171 [Mara (illusionary)/demon trident of electrocution (29)]
 47437 | Snake:4  | HP: 9/171 [Mara/demon trident of electrocution (14)]
 47443 | Snake:4  | Killed Mara
 47730 | Snake:4  | HP: 80/172 [something (17)]
 47736 | Snake:4  | Reached skill level 15 in Shields
 47738 | Snake:4  | HP: 77/172 [naga sharpshooter/arrow (5)]
 47746 | Snake:4  | Reached skill level 15 in Armour
 47954 | Snake:4  | HP: 77/172 [naga sharpshooter/bolt (14)]
 48553 | Snake:4  | Noticed Vashnia
 48589 | Snake:4  | HP: 85/172 [nagaraja/whip (12)]
 48594 | Snake:4  | HP: 65/172 [nagaraja/whip (1)]
 48604 | Snake:4  | HP: 42/172 [guardian serpent (2)]
 48619 | Snake:4  | HP: 31/172 [Vashnia/bolt (21)]
 48628 | Snake:4  | HP: 41/172 [Vashnia/bolt (14)]
 48630 | Snake:4  | Killed Vashnia
 48630 | Snake:4  | Reached skill level 19 in Fighting
 48630 | Snake:4  | Reached XP level 21. HP: 43/180 MP: 21/21
 49030 | Snake:4  | Got a serpentine rune of Zot
 49765 | Elf:1    | Entered Level 1 of the Elven Halls
 49812 | Elf:1    | Reached skill level 1 in Spellcasting
 49909 | Elf:1    | Reached skill level 2 in Spellcasting
 49966 | Elf:1    | Found a deep blue altar of Sif Muna.
 50529 | Elf:1    | Reached skill level 3 in Spellcasting
 50762 | Elf:2    | Found a runed gate.
 50762 | Elf:2    | Found a runed gate.
 50763 | Elf:2    | Found a runed gate.
 50775 | Elf:2    | Noticed Agnes
 50804 | Elf:2    | Reached skill level 4 in Spellcasting
 50824 | Elf:2    | Killed Agnes
 50938 | Elf:2    | Found an ancient bone altar of Kikubaaqudgha.
 51294 | Elf:2    | Reached skill level 1 in Translocations
 51307 | Elf:2    | Reached skill level 5 in Spellcasting
 51384 | Elf:2    | Reached skill level 16 in Armour
 51461 | Elf:2    | Reached skill level 2 in Translocations
 51656 | Elf:3    | Entered Level 3 of the Elven Halls
 51801 | Elf:3    | Found Teorphaoq's General Store.
 51807 | Elf:3    | Bought a phantom mirror for 330 gold pieces
 51825 | Elf:3    | Reached skill level 6 in Spellcasting
 52469 | Elf:3    | Reached skill level 3 in Translocations
 52478 | Elf:3    | HP: 90/181 [blizzard demon/the air[a deep elf demonologist] (16)]
 52483 | Elf:3    | HP: 76/181 [deep elf high priest/damnation (15)]
 52490 | Elf:3    | HP: 82/182 [deep elf blademaster/rapier (9)]
 52496 | Elf:3    | HP: 83/182 [antimagic glaive (8)]
 52572 | Elf:3    | Reached skill level 7 in Spellcasting
 52625 | Elf:3    | Reached skill level 4 in Translocations
 52686 | Elf:3    | Got a fine bone ring
 52729 | Elf:3    | Reached XP level 22. HP: 179/190 MP: 33/33
 52759 | Elf:3    | Reached skill level 8 in Spellcasting
 52848 | Elf:3    | Learned a level 5 spell: Silence
 52855 | Elf:3    | Learned a level 6 spell: Darkness
 52882 | Elf:3    | Identified Leta's Advanced Magic
 52960 | Elf:3    | Got a brightly glowing iron ring
 52972 | Elf:3    | Learned a level 4 spell: Passage of Golubria
 52978 | Elf:3    | Learned a level 5 spell: Dispel Undead
 52982 | Elf:3    | Got a brightly glowing buckler
 52983 | Elf:3    | Identified the +6 buckler of Dithmenos's Envy {rF+ rCorr} (You acquired it on level 3 of the Elven Halls)
 53158 | Elf:3    | Identified the ring "Omanieg" {rN+ AC+4 Str+4} (You took it off a deep elf sorcerer on level 3 of the Elven Halls)
 53160 | Elf:3    | Identified the ring "Quabal" {Fire MR+} (You took it off a deep elf mage on level 3 of the Elven Halls)
 53523 | Crypt:1  | Entered Level 1 of the Crypt
 53668 | Crypt:1  | Reached skill level 20 in Fighting
 54132 | Crypt:1  | Reached skill level 5 in Translocations
 54471 | Crypt:2  | Found a magical portal.
 54474 | WizLab   | Entered The Roulette of Golubria
 54474 | WizLab   | Found a transporter.
 54477 | WizLab   | Found a corrupted altar of Lugonu.
 54520 | WizLab   | Reached skill level 9 in Spellcasting
 54526 | WizLab   | Found a transporter.
 54594 | WizLab   | Found a transporter.
 54609 | WizLab   | Found a transporter.
 54690 | WizLab   | Found a transporter.
 54720 | WizLab   | Found a transporter.
 54771 | WizLab   | Found a transporter.
 54771 | WizLab   | Found a transporter.
 54870 | WizLab   | Found a transporter.
 54968 | WizLab   | Found a transporter.
 54968 | WizLab   | Found a corrupted altar of Lugonu.
 55012 | WizLab   | Found a transporter.
 55012 | WizLab   | Found a transporter.
 55043 | WizLab   | Found a transporter.
 55151 | WizLab   | Found a transporter.
 55151 | WizLab   | Found a transporter.
 55308 | WizLab   | Found a transporter.
 55308 | WizLab   | Found a transporter.
 55338 | WizLab   | Found a transporter.
 55338 | WizLab   | Found a transporter.
 55389 | WizLab   | Found a transporter.
 55389 | WizLab   | Identified the Compendium of the Traveller
 55420 | WizLab   | Identified the Disquisition on Dislocation
 55424 | WizLab   | Got a warped cloak
 55434 | WizLab   | Got a blackened cloak
 55455 | WizLab   | Identified the +4 cloak of Space {*Contam rN+++ MR+ Int-3} (You found it in a wizard's laboratory)
 55456 | WizLab   | Identified the +2 cloak of Sogenor {+Inv rPois} (You found it in a wizard's laboratory)
 55596 | Crypt:2  | Reached skill level 6 in Translocations
 55654 | Crypt:2  | Reached skill level 10 in Spellcasting
 56425 | Crypt:3  | Entered Level 3 of the Crypt
 56463 | Crypt:3  | HP: 92/191 [spectral snapping turtle[a vampire mage] (6)]
 56842 | Crypt:2  | HP: 94/192 [ghoul (15)]
 56979 | Crypt:2  | Bought a scroll of magic mapping for 154 gold pieces
 56979 | Crypt:2  | Bought an encrusted broad axe for 396 gold pieces
 56979 | Crypt:2  | Identified the +6 broad axe of Daniurch {drain, rPois rN+} (You bought it in a shop on level 2 of the Crypt)
 57132 | Crypt:3  | HP: 88/192 [mirror damage (9)]
 57135 | Crypt:3  | HP: 42/192 [quicksilver dragon skeleton[a curse skull] (3)]
 57138 | Crypt:3  | Reached skill level 11 in Spellcasting
 57138 | Crypt:3  | Reached skill level 7 in Translocations
 57138 | Crypt:3  | HP: 15/192 [skeletal warrior/hand axe[a death knight] (10)]
 57138 | Crypt:3  | Mangled by a phantasmal warrior

Vanquished Creatures
  Mara (Snake:4)
  Margery (Vaults:2)
  Saint Roka (Vaults:2)
  Vashnia (Snake:4)
  the Lernaean hydra (Swamp:4)
  Xtahua (Vaults:2)
  Nikola (Vaults:1)
  A tentacled monstrosity (WizLab)
  2 deep elf master archers (Elf:3)
  2 deep elf blademasters (Elf:3)
  2 sphinxes
  An eldritch tentacle (WizLab)
  A tentacled starspawn (WizLab)
  A sphinx (shapeshifter) (Vaults:2)
  A shadow dragon (Vaults:4)
  Agnes (Elf:2)
  An Executioner (WizLab)
  2 tengu reavers (Vaults:4)
  2 ancient champions (Crypt:2)
  A revenant (Crypt:2)
  10 nagarajas (Snake:4)
  9 vault wardens
  8 deep elf sorcerers
  2 orc warlords
  Louise (Swamp:4)
  6 ghouls
  3 frost giants
  2 curse skulls
  4 deep elf elementalists (Elf:3)
  9 ironheart preservers
  2 war gargoyles (Vaults:4)
  3 stone giants (Vaults:4)
  2 juggernaut skeletons
  Nessos (D:13)
  2 vampire knights
  3 entropy weavers
  9 deep elf demonologists
  5 deep elf annihilators (Elf:3)
  Azrael (D:12)
  Snorg (Orc:2)
  2 eidola (Crypt:2)
  4 ettins (Vaults:4)
  6 deep elf death magi
  3 jiangshi
  11 yaktaur captains
  3 great orbs of eyes
  A fire dragon (Vaults:3)
  A green death (Vaults:3)
  2 deep elf high priests
  4 ice dragons
  Fannar (D:11)
  13 naga warriors
  A rakshasa (WizLab)
  A catoblepas (shapeshifter) (Vaults:1)
  7 death knights
  20 hydras
  44 two-headed ogres
  9 centaur warriors
  15 anacondas
  A deep troll earth mage (Vaults:4)
  2 deep troll shamans
  2 tengu warriors
  A satyr (shapeshifter) (Vaults:3)
  9 alligators
  14 ogre magi
  10 naga sharpshooters
  An orc high priest (Elf:1)
  3 thrashing horrors (WizLab)
  5 shock serpents
  Urug (D:10)
  13 deep elf knights
  A fire crab (shapeshifter) (Vaults:2)
  A sixfirhy (WizLab)
  4 shadow wraiths
  3 salamander mystics
  6 flayed ghosts
  14 skeletal warriors
  4 hell knights (Vaults:2)
  An obsidian statue (WizLab)
  11 naga ritualists
  A ghost moth zombie (Crypt:2)
  8 deep trolls
  3 glowing orange brains
  4 unseen horrors
  3 wizards
  8 swamp dragons
  15 ironbrand convokers
  19 deep elf archers
  Pikel (D:7)
  2 shambling mangroves (Swamp:4)
  A spriggan druid (Swamp:3)
  16 orc knights
  3 harpies (Vaults:1)
  2 orc sorcerers
  A phantasmal warrior (Crypt:2)
  11 mana vipers
  4 necromancers
  7 wolf spiders
  A fire giant zombie (D:15)
  57 deep elf magi
  2 oklob plants (Lair:3)
  A frost giant zombie (D:15)
  18 ugly things
  6 cyclopes
  11 salamanders
  2 manticores
  13 elephants (Lair:4)
  2 worldbinders (WizLab)
  23 naga magi
  Joseph (D:10)
  42 black mambas
  2 guardian serpents (shapeshifter) (Vaults:4)
  An elephant (shapeshifter) (Vaults:1)
  10 vault sentinels
  9 guardian serpents
  9 centaur skeletons
  37 spiny frogs
  3 gargoyles
  3 rime drakes
  A kobold demonologist (D:14)
  6 freezing wraiths
  An ice devil (WizLab)
  36 yaktaurs
  An efreet (D:15)
  8 komodo dragons
  2 tengu conjurers (D:14)
  11 tyrant leeches
  A yellow draconian skeleton (Crypt:1)
  3 meliai (D:15)
  11 trolls
  12 hornets
  A meliai (shapeshifter) (Vaults:4)
  An ancient zyme (WizLab)
  A wind drake (WizLab)
  4 polar bears
  A fire dragon zombie (D:15)
  15 hippogriffs
  47 blink frogs
  29 slime creatures
  2 dream sheep (D:10)
  9 bog bodies
  A raiju (shapeshifter) (Vaults:2)
  A meliai zombie (D:15)
  An air elemental (Elf:3)
  An ice dragon skeleton (Crypt:2)
  5 water elementals
  6 flying skulls (Crypt:3)
  2 redbacks (Vaults:3)
  A spriggan (shapeshifter) (Vaults:4)
  2 shadows
  A vampire (D:11)
  5 spriggans
  4 wyverns
  An ettin skeleton (Crypt:2)
  57 yaks
  2 black mamba skeletons (Crypt:1)
  7 wraiths
  6 basilisks
  5 fire elementals
  6 spatial vortices (WizLab)
  A steam dragon (Lair:5)
  A small abomination (WizLab)
  3 hungry ghosts
  30 vampire mosquitoes
  8 wargs
  A soldier ant (D:13)
  6 insubstantial wisps
  A soldier ant (shapeshifter) (Vaults:2)
  20 swamp worms
  6 acid dragons
  67 nagas
  39 water moccasins
  An orb spider zombie (Crypt:1)
  An infernal demonspawn skeleton (WizLab)
  12 swamp drakes
  15 porcupines
  Duvessa (D:4)
  3 hell hounds
  A water nymph skeleton (Crypt:2)
  6 ice beasts
  45 orc warriors
  2 sky beasts
  An eye of draining (D:13)
  2 phantoms
  A black bear (D:6)
  4 necrophages
  2 human zombies (Vaults:2)
  16 wolves
  28 centaurs
  8 boggarts
  54 ogres
  17 crocodiles
  8 big kobolds
  30 bullfrogs
  6 earth elementals
  A salamander zombie (Crypt:1)
  A cyclops zombie (Crypt:3)
  A wyvern zombie (Crypt:1)
  A polar bear zombie (Crypt:2)
  3 scorpions
  Dowan (D:4)
  17 killer bees
  A human simulacrum (Vaults:2)
  8 wights
  2 howler monkeys (D:10)
  4 electric eels
  A bullfrog zombie (Crypt:2)
  10 crimson imps
  2 quasits
  3 centaur zombies
  4 lava snakes (Snake:4)
  A bullfrog skeleton (D:13)
  3 hounds
  5 jellies
  A gnoll shaman (D:7)
  21 orc priests
  26 orc wizards
  6 iguanas
  10 worker ants
  2 killer bee zombies
  A porcupine skeleton (Crypt:2)
  A felid zombie (Crypt:1)
  A tengu skeleton (Crypt:3)
  A howler monkey zombie (D:7)
  2 gnolls (D:7)
  A howler monkey skeleton (D:10)
  32 adders
  A river rat (D:3)
  2 shadow imps
  A white imp (WizLab)
  An ooze (D:2)
  2 dart slugs (D:1)
  2 worms
  5 leopard geckos
  108 orcs
  5 bats
  9 giant cockroaches
  4 goblins
  6 hobgoblins
  4 jackals
  2 quokkas
  7 ball pythons
  8 frilled lizards
  A jackal skeleton (D:6)
  34 kobolds
  A leopard gecko skeleton (D:4)
  A leopard gecko zombie (D:7)
  A quokka skeleton (D:7)
  10 rats
  A rat skeleton (Crypt:2)
  3 fungi
  13 plants
  A starspawn tentacle (WizLab)
  A withered plant (D:15)
1897 creatures vanquished.

Vanquished Creatures (others)
  26 dancing weapons
  A deep elf mage (Elf:2)
  2 nagas
  3 slaves (D:7)
  2 hounds (D:7)
  An orc wizard (Vaults:1)
  A worker ant (D:7)
  3 gnolls (D:7)
  An adder (D:7)
  A leopard gecko (D:7)
  3 orcs (D:7)
  2 kobolds (D:14)
  A quokka (D:7)
  35 fungi
  73 plants
  A starspawn tentacle (WizLab)
156 creatures vanquished.

Grand Total: 2053 creatures vanquished

Table legend:
 A = Turns spent in this place as a percentage of turns spent in the entire game.
 B = Non-inter-level travel turns spent in this place as a percentage of non-inter-level travel turns spent in the entire game.
 C = Inter-level travel turns spent in this place as a percentage of turns spent in this place.
 D = Turns resting spent in this place as a percentage of non-inter-level travel turns spent in this place.
 E = Turns spent auto-exploring this place as a percentage of non-inter-level travel turns spent in this place.
 F = Non-inter-level travel turns spent in this place divided by the number of levels of this place that you've seen.
                   A       B       C       D       E      F
               +-------+-------+-------+-------+-------+----------------------
         Total | 100.0 | 100.0 |   6.5 |  27.1 |  50.2 | 1187.3
       Dungeon |  33.5 |  33.1 |   7.7 |  34.1 |  45.0 | 1178.3
        Temple |   0.4 |   0.3 |  12.3 |   0.0 |  96.6 | 178.0
          Lair |  17.0 |  17.1 |   6.2 |  35.5 |  44.9 | 1521.7
         Swamp |   9.3 |   9.2 |   7.4 |  25.0 |  54.7 | 1227.2
     Snake Pit |  10.8 |  10.7 |   7.0 |  12.5 |  61.6 | 1431.5
  Orcish Mines |   4.3 |   4.4 |   4.4 |  44.0 |  33.4 | 1177.5
   Elven Halls |   6.1 |   6.2 |   5.5 |   5.1 |  64.1 | 1106.0
        Vaults |  11.6 |  11.7 |   5.7 |  17.4 |  55.8 | 1564.2
         Crypt |   4.6 |   4.7 |   4.0 |  33.9 |  48.0 | 834.3
        Bazaar |   0.2 |   0.2 |   0.0 |   0.0 |  76.3 |  93.0
         Sewer |   0.5 |   0.5 |   0.0 |   0.0 |  62.1 | 277.0
        Wizlab |   1.8 |   1.9 |   0.0 |  14.2 |  50.0 | 1008.0
               +-------+-------+-------+-------+-------+----------------------
